3L
MONTANA PANDAS @ NEW AMSTERDAM DUTCHMEN
08/02/2028
 
TOP OF THE 1ST
Montana Pandas batting - Pitching for New Amsterdam Dutchmen : RHP Bobby Swain
Pitching: RHP Bobby Swain
Batting: RHB Arturo Mateo 0-0: Ball
1-0: Ball
2-0: Called Strike
2-1: Swinging Strike
2-2: Strikes out swinging
Batting: RHB He-ping Zhong 0-0: Ground out 4-3 (Groundball, 4)
Batting: SHB Jake Richardson 0-0: Ball
1-0: Called Strike
1-1: Called Strike
1-2: Strikes out swinging
Top of the 1st over - 0 run(s), 0 hit(s), 0 error(s), 0 left on base; Montana 0 - New Amsterdam 0
BOTTOM OF THE 1ST
New Amsterdam Dutchmen batting - Pitching for Montana Pandas : RHP Tyler Carter
Pitching: RHP Tyler Carter
Batting: RHB Jon Osterman 0-0: Ball
1-0: Ball
2-0: Ball
3-0: Base on Balls
Batting: LHB SaQwan Hackett 0-0: Called Strike
0-1: Ball
1-1: Foul Ball, location: 2F
1-2: Ground out 4-3 (Groundball, 34)
Jon Osterman to second
Batting: RHB Andrés Gonzáles 0-0: Called Strike
Jon Osterman is caught stealing 3rd base
0-1: Ball
1-1: Foul Ball, location: 2F
1-2: Ball
2-2: SINGLE (Line Drive, 56D)
Batting: LHB Félix López 0-0: Called Strike
0-1: Ball
1-1: Swinging Strike
1-2: Ground out 4-3 (Groundball, 34D)
Bottom of the 1st over - 0 run(s), 1 hit(s), 0 error(s), 1 left on base; Montana 0 - New Amsterdam 0
TOP OF THE 2ND
Montana Pandas batting - Pitching for New Amsterdam Dutchmen : RHP Bobby Swain
Batting: RHB Pancho Salaedo 0-0: Ball
1-0: Ball
2-0: Called Strike
2-1: Ball
3-1: Base on Balls
Batting: RHB Jesús Vásquez 0-0: Swinging Strike
0-1: Ball
1-1: Ball
Wild Pitch!
Pancho Salaedo to second
2-1: Foul Ball, location: 2F
2-2: Foul Ball, location: 2F
2-2: Foul Ball, location: 2F
2-2: Foul Ball, location: 2F
2-2: Ball
3-2: Fly out, F5 (Popup, 15)
Batting: RHB Mike Henshaw 0-0: Foul Ball, location: 2F
0-1: Ball
1-1: Reached on error, E6 (Groundball, 6)
Pancho Salaedo scores
Batting: RHB Ronnie Tushinghem 0-0: Swinging Strike
0-1: Ball
1-1: Foul Ball, location: 2F
1-2: Ball
2-2: SINGLE (Line Drive, 89S)
Mike Henshaw to third
Runner from 3rd tries for Home, SAFE, no throw
Batting: RHB Elder Sarrano 0-0: Ball
1-0: Foul Ball, location: 2F
1-1: Fly out, F9 (Flyball, 9LM)
Batting: RHB José García 0-0: Called Strike
0-1: Ball
1-1: Foul Ball, location: 2F
1-2: DOUBLE (Line Drive, 9LS)
Ronnie Tushinghem to third
Batting: RHB Arturo Mateo 0-0: Ball
1-0: Ball
Wild Pitch!
Ronnie Tushinghem scores
José García to third
2-0: Swinging Strike
2-1: Foul Ball, location: 2F
2-2: Ball
3-2: Base on Balls
Batting: RHB He-ping Zhong 0-0: Foul Ball, location: 2F
0-1: Ball
1-1: Ball
2-1: Ball
3-1: Swinging Strike
3-2: Strikes out swinging
Top of the 2nd over - 3 run(s), 2 hit(s), 1 error(s), 2 left on base; Montana 3 - New Amsterdam 0
BOTTOM OF THE 2ND
New Amsterdam Dutchmen batting - Pitching for Montana Pandas : RHP Tyler Carter
Batting: RHB António Pérez 0-0: Called Strike
0-1: Ball
1-1: Ball
2-1: Called Strike
2-2: SINGLE (Groundball, 56D)
Batting: LHB Cornelius Taitt 0-0: Called Strike
0-1: Ball
Wild Pitch!
António Pérez to second
1-1: Ball
2-1: Ball
3-1: Base on Balls
Batting: LHB Eric Ward 0-0: Ball
1-0: Ball
Wild Pitch!
António Pérez to third
Cornelius Taitt to second
2-0: Foul Ball, location: 2F
2-1: Ball
3-1: Base on Balls
Batting: RHB Mario Rivera 0-0: Called Strike
0-1: Ball
1-1: Ball
2-1: GRAND SLAM HOME RUN (Flyball, 7D), Distance : 389 ft
Batting: RHB Omar Schuler 0-0: Fly out, F9 (Flyball, 9LS)
Batting: RHB Jon Osterman 0-0: Called Strike
0-1: Ball
1-1: Swinging Strike
1-2: Ball
2-2: Ball
3-2: Base on Balls
Batting: LHB SaQwan Hackett 0-0: Ball
1-0: Ball
2-0: Ball
3-0: Called Strike
3-1: Foul Ball, location: 2F
3-2: Base on Balls
Jon Osterman to second
Batting: RHB Andrés Gonzáles 0-0: Ball
1-0: Called Strike
1-1: Swinging Strike
1-2: Strikes out swinging
Batting: LHB Félix López 0-0: Called Strike
0-1: 3-RUN HOME RUN (Flyball, 9D), Distance : 391 ft
Batting: RHB António Pérez 0-0: SINGLE (Groundball, 56) (infield hit)
Batting: LHB Cornelius Taitt 0-0: Ball
1-0: Called Strike
1-1: Foul Ball, location: 2F
1-2: Foul Ball, location: 2F
1-2: SINGLE (Flyball, 7LS)
António Pérez to second
Batting: LHB Eric Ward 0-0: Called Strike
0-1: Swinging Strike
0-2: Ball
1-2: SINGLE (Line Drive, 8RS)
António Pérez to third
Cornelius Taitt to second
Runner from 3rd tries for Home, SAFE, no throw
Batting: RHB Mario Rivera 0-0: Foul Ball, location: 2F
0-1: Swinging Strike
0-2: Ball
1-2: Ball
2-2: Fly out, F8 (Line Drive, 8RD)
Bottom of the 2nd over - 8 run(s), 6 hit(s), 0 error(s), 2 left on base; Montana 3 - New Amsterdam 8
TOP OF THE 3RD
Montana Pandas batting - Pitching for New Amsterdam Dutchmen : RHP Bobby Swain
Batting: SHB Jake Richardson 0-0: Fly out, F4 (Popup, 4MD)
Batting: RHB Pancho Salaedo 0-0: Called Strike
0-1: Foul Ball, location: 2F
0-2: Ball
1-2: Strikes out swinging
Batting: RHB Jesús Vásquez 0-0: Ground out 6-3 (Groundball, 6M)
Top of the 3rd over - 0 run(s), 0 hit(s), 0 error(s), 0 left on base; Montana 3 - New Amsterdam 8
BOTTOM OF THE 3RD
New Amsterdam Dutchmen batting - Pitching for Montana Pandas : RHP Tyler Carter
Batting: RHB Omar Schuler 0-0: Ball
1-0: Called Strike
1-1: Called Strike
1-2: Foul Ball, location: 2F
1-2: Fly out, F8 (Flyball, 8LD)
Batting: RHB Jon Osterman 0-0: Called Strike
0-1: Ball
1-1: SINGLE (Flyball, 78M)
Batting: LHB SaQwan Hackett 0-0: Ball
1-0: Ball
2-0: Ball
3-0: Called Strike
3-1: Foul Ball, location: 2F
3-2: Base on Balls
Jon Osterman to second
Batting: RHB Quincy van Enk 0-0: Ball
1-0: Called Strike
1-1: Foul Ball, location: 2F
1-2: Foul Ball, location: 2F
1-2: Ball
2-2: 3-RUN HOME RUN (Flyball, 9D), Distance : 388 ft
Pitching: RHP Pancho Chacón
Batting: LHB Félix López 0-0: Ball
1-0: Called Strike
1-1: Called Strike
1-2: Ball
2-2: Foul Ball, location: 2F
2-2: Ball
3-2: Foul Ball, location: 2F
3-2: Base on Balls
Batting: RHB António Pérez 0-0: Foul Ball, location: 2F
0-1: Swinging Strike
0-2: 2-RUN HOME RUN (Flyball, 89XD), Distance : 422 ft
Batting: LHB Cornelius Taitt 0-0: Ball
1-0: Foul Ball, location: 2F
1-1: Swinging Strike
1-2: Ball
2-2: Ball
3-2: Foul Ball, location: 2F
3-2: Fly out, F6 (Flyball, 56D)
Batting: LHB Eric Ward 0-0: Ball
1-0: Ball
2-0: SINGLE (Line Drive, 56D)
Batting: RHB Mario Rivera 0-0: Ball
1-0: Called Strike
1-1: Ball
2-1: Ball
3-1: Base on Balls
Eric Ward to second
Batting: RHB Omar Schuler 0-0: Ball
1-0: Foul Ball, location: 2F
1-1: Foul Ball, location: 2F
1-2: Ball
2-2: Fielders Choice at 2nd, 4-6 (Groundball, 4)
Bottom of the 3rd over - 5 run(s), 4 hit(s), 0 error(s), 1 left on base; Montana 3 - New Amsterdam 13
TOP OF THE 4TH
Montana Pandas batting - Pitching for New Amsterdam Dutchmen : RHP Bobby Swain
Now at SS: Quincy van Enk
Batting: RHB Mike Henshaw 0-0: Ground out 6-3 (Groundball, 6)
Batting: RHB Ronnie Tushinghem 0-0: Called Strike
0-1: Foul Ball, location: 2F
0-2: Ball
1-2: Foul Ball, location: 2F
1-2: Ball
2-2: SINGLE (Groundball, 6MD)
Batting: RHB Elder Sarrano 0-0: Fly out, F4 (Popup, 4D)
Batting: RHB José García Balk!
Ronnie Tushinghem to second
0-0: Ball
1-0: Foul Ball, location: 2F
1-1: Ball
2-1: SINGLE (Line Drive, 4D)
Ronnie Tushinghem to third
Batting: RHB Arturo Mateo 0-0: Ball
Wild Pitch!
Ronnie Tushinghem scores
José García to second
1-0: DOUBLE (Line Drive, 78XD)
José García scores
Batting: RHB He-ping Zhong 0-0: Ball
1-0: Called Strike
1-1: Swinging Strike
1-2: Fly out, F5 (Popup, 5S)
Top of the 4th over - 2 run(s), 3 hit(s), 0 error(s), 1 left on base; Montana 5 - New Amsterdam 13
BOTTOM OF THE 4TH
New Amsterdam Dutchmen batting - Pitching for Montana Pandas : RHP Pancho Chacón
Batting: RHB Jon Osterman 0-0: Fly out, F9 (Flyball, 89M)
Batting: LHB SaQwan Hackett 0-0: Ball
1-0: Fly out, F7 (Flyball, 78S)
Batting: RHB Quincy van Enk 0-0: Called Strike
0-1: Ball
1-1: Ball
2-1: Ball
3-1: Base on Balls
Batting: LHB Félix López 0-0: Ball
1-0: Ball
2-0: Ball
3-0: Called Strike
3-1: Base on Balls
Quincy van Enk to second
Batting: RHB António Pérez 0-0: Fly out, F9 (Flyball, 89M)
Bottom of the 4th over - 0 run(s), 0 hit(s), 0 error(s), 2 left on base; Montana 5 - New Amsterdam 13
TOP OF THE 5TH
Montana Pandas batting - Pitching for New Amsterdam Dutchmen : RHP Bobby Swain
Batting: SHB Jake Richardson 0-0: Called Strike
0-1: Called Strike
0-2: Strikes out looking
Batting: RHB Pancho Salaedo 0-0: Ball
1-0: Called Strike
1-1: Ball
2-1: Called Strike
2-2: Foul Ball, location: 2F
2-2: Ball
3-2: Base on Balls
Batting: RHB Jesús Vásquez 0-0: Ball
1-0: Called Strike
1-1: Foul Ball, location: 2F
1-2: Ball
2-2: Ball
3-2: Base on Balls
Pancho Salaedo to second
Batting: RHB Mike Henshaw 0-0: Called Strike
0-1: Called Strike
0-2: Ball
1-2: Strikes out swinging
Batting: RHB Ronnie Tushinghem 0-0: Fly out, F5 (Popup, 56S)
Top of the 5th over - 0 run(s), 0 hit(s), 0 error(s), 2 left on base; Montana 5 - New Amsterdam 13
BOTTOM OF THE 5TH
New Amsterdam Dutchmen batting - Pitching for Montana Pandas : RHP Pancho Chacón
Batting: LHB Cornelius Taitt 0-0: Called Strike
0-1: Ball
1-1: Ground out 6-3 (Groundball, 6)
Batting: LHB Eric Ward 0-0: Ball
1-0: Called Strike
1-1: Foul Ball, location: 2F
1-2: Foul Ball, location: 2F
1-2: Ball
2-2: Fly out, F9 (Flyball, 9LM)
Batting: RHB Mario Rivera 0-0: Called Strike
0-1: Ball
1-1: Swinging Strike
1-2: Ground out 5-3 (Groundball, 5S)
Bottom of the 5th over - 0 run(s), 0 hit(s), 0 error(s), 0 left on base; Montana 5 - New Amsterdam 13
TOP OF THE 6TH
Montana Pandas batting - Pitching for New Amsterdam Dutchmen : RHP Bobby Swain
Batting: RHB Elder Sarrano 0-0: SINGLE (Line Drive, 56D)
Batting: RHB José García 0-0: Ball
1-0: Called Strike
1-1: Ball
2-1: Ball
3-1: Called Strike
3-2: Strikes out looking
Batting: RHB Arturo Mateo 0-0: Called Strike
0-1: Ball
1-1: Ball
2-1: DOUBLE (Line Drive, 7D)
Elder Sarrano to third
Batting: RHB He-ping Zhong 0-0: Foul Ball, location: 2F
0-1: Fly out, F9 (Flyball, 9LSF)
Runner from 3rd tags up, SCORES, no throw
Batting: SHB Jake Richardson 0-0: Foul Ball, location: 2F
0-1: Swinging Strike
0-2: Strikes out swinging
Top of the 6th over - 1 run(s), 2 hit(s), 0 error(s), 1 left on base; Montana 6 - New Amsterdam 13
BOTTOM OF THE 6TH
New Amsterdam Dutchmen batting - Pitching for Montana Pandas : RHP Pancho Chacón
Pitching: LHP Carlos Méndez
Batting: RHB Omar Schuler 0-0: Ball
1-0: Ball
2-0: SINGLE (Groundball, 4MD)
Batting: RHB Jon Osterman 0-0: Called Strike
0-1: Foul Ball, location: 2F
0-2: Strikes out swinging
Batting: LHB SaQwan Hackett 0-0: Ball
1-0: Ball
2-0: Called Strike
2-1: Called Strike
2-2: Ball
3-2: Base on Balls
Omar Schuler to second
Batting: RHB Quincy van Enk 0-0: Called Strike
0-1: Ball
1-1: Called Strike
1-2: Strikes out swinging
Batting: LHB Félix López 0-0: Ball
1-0: Called Strike
1-1: Called Strike
1-2: Ball
2-2: Strikes out swinging
Bottom of the 6th over - 0 run(s), 1 hit(s), 0 error(s), 2 left on base; Montana 6 - New Amsterdam 13
TOP OF THE 7TH
Montana Pandas batting - Pitching for New Amsterdam Dutchmen : RHP Bobby Swain
Batting: RHB Pancho Salaedo 0-0: Swinging Strike
0-1: Ground out 5-3 (Groundball, 56)
Batting: RHB Jesús Vásquez 0-0: Called Strike
0-1: Ball
1-1: Foul Ball, location: 2F
1-2: Ball
2-2: Ball
3-2: Foul Ball, location: 2F
3-2: Base on Balls
Pitching: LHP António Hernández
Batting: RHB Mike Henshaw 0-0: Ball
1-0: Foul Ball, location: 2F
1-1: Swinging Strike
1-2: Ball
2-2: Ball
3-2: Strikes out looking
Batting: RHB Ronnie Tushinghem 0-0: Called Strike
0-1: Ball
1-1: Swinging Strike
1-2: Foul Ball, location: 2F
1-2: Ball
2-2: Strikes out swinging
Top of the 7th over - 0 run(s), 0 hit(s), 0 error(s), 1 left on base; Montana 6 - New Amsterdam 13
BOTTOM OF THE 7TH
New Amsterdam Dutchmen batting - Pitching for Montana Pandas : LHP Carlos Méndez
Batting: RHB António Pérez 0-0: Ground out 6-3 (Groundball, 6)
Batting: LHB Cornelius Taitt 0-0: Called Strike
0-1: Called Strike
0-2: Ball
1-2: Strikes out swinging
Batting: LHB Eric Ward 0-0: Called Strike
0-1: Called Strike
0-2: Foul Ball, location: 2F
0-2: Ball
1-2: Ball
2-2: Ball
3-2: Foul Ball, location: 2F
3-2: SINGLE (Groundball, 4D)
Batting: RHB Mario Rivera 0-0: Ball
Balk!
Eric Ward to second
1-0: 2-RUN HOME RUN (Line Drive, 78XD), Distance : 440 ft
Batting: RHB Omar Schuler 0-0: Ball
1-0: SINGLE (Line Drive, 78S)
Batting: RHB Jon Osterman 0-0: Reached on error, E3 (Groundball, 34)
Omar Schuler to second
Batting: LHB SaQwan Hackett 0-0: Ball
1-0: Ball
2-0: Foul Ball, location: 2F
2-1: Foul Ball, location: 2F
2-2: Strikes out swinging
Bottom of the 7th over - 2 run(s), 3 hit(s), 1 error(s), 2 left on base; Montana 6 - New Amsterdam 15
TOP OF THE 8TH
Montana Pandas batting - Pitching for New Amsterdam Dutchmen : LHP António Hernández
Batting: RHB Elder Sarrano 0-0: Swinging Strike
0-1: Ball
1-1: Called Strike
1-2: Foul Ball, location: 2F
1-2: Strikes out swinging
Batting: RHB José García 0-0: Ball
1-0: Ball
2-0: Called Strike
2-1: Foul Ball, location: 2F
2-2: Foul Ball, location: 2F
2-2: Strikes out swinging
Batting: RHB Arturo Mateo 0-0: Foul Ball, location: 2F
0-1: Ball
1-1: SINGLE (Groundball, 6) (infield hit)
Batting: RHB He-ping Zhong 0-0: Foul Ball, location: 2F
0-1: Called Strike
0-2: Strikes out swinging
Top of the 8th over - 0 run(s), 1 hit(s), 0 error(s), 1 left on base; Montana 6 - New Amsterdam 15
BOTTOM OF THE 8TH
New Amsterdam Dutchmen batting - Pitching for Montana Pandas : LHP Carlos Méndez
Batting: RHB Quincy van Enk 0-0: Ball
1-0: Foul Ball, location: 2F
1-1: Ground out U3 (Groundball, 34)
Batting: LHB Félix López 0-0: Called Strike
0-1: Ball
1-1: Ball
2-1: Foul Ball, location: 2F
2-2: Ball
3-2: SOLO HOME RUN (Flyball, 9D), Distance : 392 ft
Pitching: LHP Pedro Méndez
Batting: RHB António Pérez 0-0: Ball
1-0: Reached on error, E3 (Groundball, 3)
Batting: LHB Cornelius Taitt 0-0: Ball
1-0: Fielders Choice at 2nd, 3-6 (Groundball, 34)
Batting: LHB Eric Ward 0-0: Called Strike
0-1: Ball
Cornelius Taitt steals 2nd base
1-1: Swinging Strike
1-2: Fly out, F8 (Flyball, 8LD)
Bottom of the 8th over - 1 run(s), 1 hit(s), 1 error(s), 1 left on base; Montana 6 - New Amsterdam 16
TOP OF THE 9TH
Montana Pandas batting - Pitching for New Amsterdam Dutchmen : LHP António Hernández
Batting: SHB Jake Richardson 0-0: Called Strike
0-1: Called Strike
0-2: Ball
1-2: Strikes out swinging
Batting: RHB Pancho Salaedo 0-0: Fly out, F7 (Flyball, 78S)
Batting: RHB Jesús Vásquez 0-0: Ball
1-0: Fly out, F9 (Flyball, 9)
Top of the 9th over - 0 run(s), 0 hit(s), 0 error(s), 0 left on base; Montana 6 - New Amsterdam 16
Tuesday, August 22nd, 2017 - OOTP Baseball 17.12 Build 75